AoeStats
← Sir Rossy

Black Forest

507935242Analyzed
3v3 RM · 14d ago on Sep 20, 2026· 49m 42s· 6 players
Game mode
Random Map
Map size
Normal (6 player)
Population
200
Speed
Normal
Resources
Standard
Victory
Conquest
Starting age
Dark Age
Ending age
Imperial Age
RankedLock teamsTeams togetherTeam positionsShared explorationLock speedFull tech treeHidden civsTurbo modeCheats
Victory
Defeat
🇨🇳 Franks · China
968
+13
🇨🇳 Persians · China
956
+13
🇹🇷 Khmer · Türkiye
944
+14
🇦🇺 Ethiopians · Australia
939
-15
🇦🇺 Spanish · Australia
922
-14
🇦🇺 Huns · Australia
829
-11
ChuckMawHinneyS
0:49 Loom
11:43 Feudal Age
12:25 Horse Collar
12:31 Double-Bit Axe
16:44 Castle Age
14:43 Stone Mining
16:31 Gold Mining
18:48 Stone Shaft Mining
19:29 Wheelbarrow
19:33 Bow Saw
29:02 Imperial Age
28:05 Ballistics
28:26 Fletching
28:36 Padded Archer Armor
28:38 Town Watch
29:11 Hand Cart
29:35 Bodkin Arrow
29:51 Forging
29:46 Scale Barding Armor
30:16 Conscription
31:25 Chemistry
31:03 Double Crossbow
31:26 Conscription
31:19 Heavy Plow
31:27 Heavy Scorpion
33:19 Iron Casting
33:59 Caravan
35:13 Siege Engineers
36:17 Gold Shaft Mining
35:58 Bloodlines
35:48 Husbandry
35:09 Light Cavalry
38:27 Chain Barding Armor
39:07 Blast Furnace
38:09 Bracer
38:25 Leather Archer Armor
38:11 Scale Mail Armor
37:39 Hussar
44:19 Plate Barding Armor
50:05 Crop Rotation
Ming
0:30 Loom
13:00 Feudal Age
20:43 Castle Age
18:46 Stone Mining
19:47 Gold Mining
19:50 Double-Bit Axe
20:28 Horse Collar
29:08 Imperial Age
27:51 Gold Shaft Mining
27:43 Forging
28:52 Scale Barding Armor
30:08 Bow Saw
29:53 Fletching
32:19 Wheelbarrow
32:12 Heavy Plow
33:00 Conscription
33:46 Hand Cart
34:15 Stone Shaft Mining
35:17 Chemistry
35:52 Chain Barding Armor
36:08 Iron Casting
36:31 Kamandaran
37:50 Crop Rotation
38:35 Plate Barding Armor
38:13 Elite War Elephant
39:37 Crossbowman
40:24 Thumb Ring
40:31 Padded Archer Armor
41:32 Blast Furnace
40:28 Bodkin Arrow
40:46 Husbandry
40:56 Bloodlines
42:11 Leather Archer Armor
42:34 Thumb Ring
42:19 Light Cavalry
43:11 Hussar
45:17 Pikeman
45:58 Squires
47:33 Ring Archer Armor
彬彬有礼
0:35 Loom
14:21 Feudal Age
18:40 Castle Age
16:40 Double-Bit Axe
19:54 Bow Saw
31:44 Imperial Age
29:52 Wheelbarrow
29:25 Gold Mining
30:49 Gold Shaft Mining
30:57 Forging
30:53 Scale Barding Armor
32:02 Masonry
31:54 Stone Mining
32:56 #83
32:57 Conscription
31:58 Elite Throwing Axeman
32:44 Husbandry
32:07 Cavalier
33:31 Iron Casting
33:49 Pikeman
34:29 Squires
34:15 Gambesons
34:16 Arson
35:38 Blast Furnace
36:45 Chain Barding Armor
38:14 Chemistry
37:34 Ballistics
37:22 Siege Engineers
37:34 Hand Cart
36:43 Paladin
38:16 Onager
39:15 Chivalry
Sir Rossy
0:37 Loom
13:02 Feudal Age
15:09 Horse Collar
16:13 Double-Bit Axe
19:19 Castle Age
19:57 Wheelbarrow
20:49 Caravan
21:49 Heavy Plow
22:24 Gold Mining
23:08 Fishing Lines
24:26 Bow Saw
27:26 Hand Cart
32:38 Gillnets
34:21 Bloodlines
35:19 Husbandry
35:29 Scale Barding Armor
35:35 Forging
35:33 Marauders
36:51 Town Watch
43:13 Imperial Age
41:13 Chain Barding Armor
41:34 Thumb Ring
42:09 Iron Casting
41:25 Fletching
41:35 Padded Archer Armor
42:07 Light Cavalry
45:08 Cavalier
46:16 Paladin
49:31 Plate Barding Armor
49:57 Blast Furnace
Rossy-Coke
0:34 Loom
12:36 Feudal Age
14:03 Wheelbarrow
13:18 Double-Bit Axe
13:19 Horse Collar
20:25 Castle Age
21:32 Hand Cart
21:41 Bow Saw
23:49 Caravan
26:59 Gold Mining
27:03 Stone Mining
32:50 Imperial Age
31:10 Heavy Plow
31:50 Gold Shaft Mining
32:17 Fortified Wall
32:28 Ballistics
32:50 Town Watch
33:49 Torsion Engines
35:09 Chemistry
34:22 Siege Engineers
35:06 Heavy Scorpion
36:34 Town Patrol
44:41 Conscription
colorfulj
14:49 Feudal Age
15:35 Double-Bit Axe
15:58 Horse Collar
17:09 Wheelbarrow
20:54 Castle Age
22:03 Bow Saw
22:03 Caravan
23:52 Husbandry
24:04 Bloodlines
24:22 Heavy Plow
26:19 Forging
28:45 Hand Cart
33:00 Imperial Age
30:54 Scale Barding Armor
34:37 Iron Casting
34:23 Chain Barding Armor
33:26 Cavalier
34:48 Paladin
36:07 Conscription
37:26 Blast Furnace
37:02 Plate Barding Armor
37:02 Fortified Wall
Connection lost

Rejoining the realm…

Still unreachable

The connection could not be restored.

Session expired

The server has moved on; the page needs a fresh start.